 Dungeon Crawl Stone Soup version 0.30-a0-778-g2ef04afb54 (webtiles) character file.

Game seed: 4284538484865269598

118 dialectric the Slasher (level 4, -1/35 HPs)
             Began as a Demonspawn Fighter on Feb 16, 2023.
             Slain by a goblin
             ... wielding a +0 club
             ... led by Robin
              (4 damage)
             ... on level 3 of the Dungeon.
             The game lasted 00:02:08 (1777 turns).

dialectric the Slasher (Demonspawn Fighter)         Turns: 1777, Time: 00:02:08

Health: -1/35      AC:  9    Str: 25    XL:     4   Next: 72%
Magic:  4/4        EV: 10    Int:  9    God:
Gold:   77         SH:  0    Dex: 12    Spells: 3/3 levels left

rFire   . . .      SeeInvis +    a - +1 long sword
rCold   . . .      Faith    .    (no shield)
rNeg    . . .      Spirit   .    b - +0 scale mail
rPois   .          Reflect  .    (no helmet)
rElec   .          Harm     .    (no cloak)
rCorr   .          Rampage  .    k - +0 pair of gloves
Will    .....                    i - +0 pair of boots Stlth
                                 (no amulet)
HPRegen 0.25/turn                l - +6 ring of strength
MPRegen 0.09/turn                o - ring of see invisible

@: weak-willed
A: claws 1, sturdy frame 1
a: no special abilities


You were on level 3 of the Dungeon.
You visited 1 branch of the dungeon, and saw 3 of its levels.

You collected 122 gold pieces.
You spent 45 gold pieces at shops.

Inventory:

Hand Weapons
 a - a +1 long sword (weapon)
Armour
 b - a +0 scale mail (worn)
 i - a +0 pair of boots (worn)
 k - a +0 pair of gloves (worn)
Jewellery
 l - a +6 ring of strength (left hand)
 o - a ring of see invisible (right hand)
Wands
 m - a wand of iceblast (8)
Scrolls
 f - a scroll of enchant weapon
 j - 2 scrolls of vulnerability
Potions
 d - a potion of might
 e - a potion of lignification
 h - a potion of magic {unknown}


   Skills:
 - Level 3.0 Fighting
 * Level 3.9 Long Blades
 + Level 3.4 Armour
 + Level 0.1 Dodging
 + Level 0.1 Stealth
 - Level 2.6 Shields


You had 3 spell levels left.
You didn't know any spells.
Your spell library contained the following spells:

 Spells                   Type           Power      Damage    Failure   Level
 Frozen Ramparts          Ice            0%         1d1       90%         3
 Ice Form                 Ice/Tmut       0%         N/A       100%        4
 Petrify                  Tmut/Erth      0%         N/A       100%        4
 Summon Ice Beast         Ice/Summ       0%         N/A       100%        4
 Metabolic Englaciation   Hex/Ice        0%         N/A       100%        5
 Statue Form              Tmut/Erth      0%         N/A       100%        6


Dungeon Overview and Level Annotations

Branches:
Dungeon (3/15)

Altars:
Fedhas
Wu Jian

Shops:
D:2 [

Annotations:
D:3 Robin


Innate Abilities, Weirdness & Mutations

You have sharp fingernails.
Your movements are slightly less encumbered by armour. (ER -2)


Message History

The goblin barely misses you.
You closely miss the goblin. The goblin hits you but does no damage.
The goblin closely misses you. x2; The goblin hits you with a +0 club.
Robin throws the goblin at you! The goblin hits you but does no damage.
You barely miss the goblin. The goblin hits you with a +0 club.
The goblin closely misses you. x2; The goblin hits you but does no damage.
Unknown command.
You barely miss the goblin.
The goblin hits you but does no damage. x2
The goblin hits you with a +0 club.
Robin says, "Bow before me, strongest of all the hobgoblins!"
The goblin misses you.
As you read the scroll labelled FAALEF JERUK, it crumbles to dust.
Magic quickly surges around you.
It was a scroll of vulnerability.
The goblin completely misses you. The goblin closely misses you. x3
Unknown command.
As you read the scroll labelled JEBBIGOLIO, it crumbles to dust.
It is a scroll of identify.
e - a potion of lignification The goblin hits you with a +0 club.
* * * LOW HITPOINT WARNING * * *
The goblin barely misses you. The goblin hits you but does no damage.
The goblin barely misses you.
Unknown command.
You feel better. The goblin hits you with a +0 club.
* * * LOW HITPOINT WARNING * * *
The goblin hits you with a +0 club.
* * * LOW HITPOINT WARNING * * *
The goblin hits you with a +0 club.
* * * LOW HITPOINT WARNING * * *
The goblin hits you with a +0 club.
* * * LOW HITPOINT WARNING * * *
Unknown command.
Okay, then.
As you read the scroll labelled HYTWEE FEENUDD, it crumbles to dust.
You feel aware of your surroundings.
It was a scroll of magic mapping.
The goblin completely misses you.
Robin roars a battlecry!
The hobgoblin goes into a battle-frenzy!
The goblin hits you with a +0 club.
You die...

.##.....#,,,,,,,,,,,,*,*****,*
........+,,,,,,,,,,,,+,,,,,,>***
#.......#.,,,,,,,,,,,*,*,***,,,*
#.......+..***********,*,* *,*,*
#.......##.###### *,*,***,*,*
#......###......######,*,.,,,*,*
#..............g.....#+#..,,,*,*
.........#.....g##g......g,,,*,*
.........#....gg@gr.......,,,*,*
....<....#.....g##g.......,,,*,*
.........#......###..#+#'#**,*,*
.........#......# *.....,* *,*,*
.........#...)..# *#.#.##***,*,*
†........#......# *$#,..,,,,*,*
....<....#......####+##*##**,*,*
..####+###............# *,*,*
~...#*,* ######.......# *,*,*


You could see Robin (weak-willed), a quokka (weak-willed), 2 hobgoblins and 5
goblins.

Vanquished Creatures
  An orc wizard (D:3)
  4 adders (D:3)
  A worm (D:2)
  6 orcs (D:3)
  4 ball pythons
  A bat (D:2)
  3 endoplasms
  A giant cockroach (D:3)
  8 goblins
  4 hobgoblins
  5 kobolds
  2 frilled lizards
  5 rats
45 creatures vanquished.

Vanquished Creatures (others)
  A plant (D:2)
1 creature vanquished.

Grand Total: 46 creatures vanquished

Notes
Turn   | Place    | Note
-------+----------+-------------------------------------------
     0 | D:1      | dialectric the Demonspawn Fighter began the quest for the
                  | Orb.
     0 | D:1      | Reached XP level 1. HP: 18/18 MP: 1/1
   448 | D:1      | Gained mutation: Your movements are slightly less
                  | encumbered by armour. (ER -2) [demonic ancestry]
   448 | D:1      | Reached XP level 2. HP: 24/24 MP: 2/2
   950 | D:2      | Found Tinlaine's Armour Shoppe.
   969 | D:2      | Bought a +0 pair of boots for 45 gold pieces
  1208 | D:2      | Reached XP level 3. HP: 27/29 MP: 3/3
  1429 | D:3      | Found a blossoming altar of Fedhas.
  1510 | D:3      | Found an ornate altar of the Wu Jian Council.
  1557 | D:3      | Gained mutation: You have sharp fingernails. [demonic
                  | ancestry]
  1557 | D:3      | Reached XP level 4. HP: 29/35 MP: 4/4
  1754 | D:3      | Noticed Robin
  1777 | D:3      | Slain by a goblin

Illustrated notes

Levels and vault maps discovered:
D:1:      ncdulo_lavacross, layout_basic, minmay_misc_feat_hallway
D:2:      layout_basic, serial_bayou, serial_bayou_pond_c, serial_bayou_ford_a,
          serial_bayou_shore_a, serial_bayou_lake_a, serial_bayou_lagoon_b,
          serial_bayou_pond_d, serial_shops, nicolae_shop_trees,
          serial_bayou_pond_b
D:3:      layout_basic, fedhas_ov_isle_minmay, nicolae_wu_jian_wuxing_cycle,
          uniq_crazy_yiuf_cottage, uniq_robin

Skill      XL: |  1  2  3 |
---------------+----------+-----
Long Blades    | 2 3 |  3.9
Armour         | 3 |  3.4
Fighting       | |  3.0
Dodging        | |  0.1
Stealth        | |  0.1
Shields        | |  2.6

Action                     |  1- 3 |  4- 6 || total
---------------------------+-------+-------++-------
  Melee: Long sword        |   120 |    47 ||   167
         Punch             |     2 |       ||     2
    Use: Scroll            |     1 |     3 ||     4
         Potion            |     1 |     1 ||     2
 Armour: Scale mail        |    64 |    28 ||    92
  Dodge: Dodged            |    67 |    33 ||   100

Table legend: (Time is in decaauts)
 A = Elapsed time spent in this place.
 B = Non-inter-level travel time spent in this place.
 C = Inter-level travel time spent in this place.
 D = Time resting spent in this place.
 E = Time spent auto-exploring this place.
 F = Levels seen in this place.
 G = Mean time per level.
                   A        B        C        D        E       F      G
               +--------+--------+--------+--------+--------+-----+--------+
         Total |   1867 |   1841 |     26 |      0 |   1438 |   3 |  622.3 |
       Dungeon |   1867 |   1841 |     26 |      0 |   1438 |   3 |  622.3 |
               +--------+--------+--------+--------+--------+-----+--------+

Top non-repeatable levels by time:
     D:1: 870 daAuts
     D:2: 533 daAuts
     D:3: 463 daAuts
